 Dungeon Crawl Stone Soup version 0.22-a0-271-gc000056 (webtiles) character file.

46 grindst0ne the Chucker (level 3, -1/39 HPs)
             Began as an Ogre Hunter on Mar 13, 2018.
             Slain by a goblin
             ... wielding a +0 dagger
             ... led by Robin
              (4 damage)
             ... on level 2 of the Dungeon.
             The game lasted 00:02:00 (931 turns).

grindst0ne the Chucker (Ogre Hunter)                 Turns: 931, Time: 00:02:01

Health: -1/39      AC:  3    Str: 16    XL:     3   Next: 66%
Magic:  3/3        EV: 10    Int: 13    God:
Gold:   39         SH:  0    Dex:  9    Spells: 2/2 levels left

rFire    . . .     SeeInvis .   j - +0 club
rCold    . . .     Gourm    .   (no shield)
rNeg     . . .     Faith    .   g - +0 robe (curse)
rPois    .         Spirit   .   (helmet restricted)
rElec    .         Reflect  .   (no cloak)
rCorr    .         Harm     .   (gloves unavailable)
MR       .....                  (boots unavailable)
Stlth    +.........             (no amulet)
HPRegen  0.13/turn              (no ring)
MPRegen  0.08/turn              (no ring)

@: no status effects
A: large, unfitting armour, tough skin 1
a: no special abilities


You were on level 2 of the Dungeon.
You were not hungry.

You visited 1 branch of the dungeon, and saw 2 of its levels.

You collected 39 gold pieces.

Inventory:

Hand Weapons
 j - a +0 club (weapon)
Missiles
 d - 2 throwing nets (quivered)
Armour
 g - a cursed +0 robe (worn)
Jewellery
 l - a +3 ring of strength {unknown}
Scrolls
 b - a scroll of fog {unknown}
 e - a scroll of fear {unknown}
 i - 3 scrolls of identify {unknown}
 m - a scroll of enchant armour {unknown}
Potions
 a - a potion of curing {unknown}
 h - a potion of flight {unknown}
Comestibles
 f - 3 rations
 k - 4 chunks of flesh


   Skills:
 + Level 4.1 Fighting
 + Level 4.6 Throwing
 - Level 1.7 Dodging
 - Level 0.6 Stealth


You had 2 spell levels left.
You didn't know any spells.

Dungeon Overview and Level Annotations

Branches:
Dungeon (2/15)

Altars:


Innate Abilities, Weirdness & Mutations

You are too large for most types of armour.
You have tough skin. (AC +1)


Message History

The rat misses you.
Throwing (i - inventory. (/) - cycle)
c - 3 large rocks (quivered)
Press: ? - help, Shift-Dir - straight line, f/p - rat
Aim: a rat You throw a large rock.
The large rock hits the rat!!
You kill the rat!
Throwing (i - inventory. (/) - cycle)
c - 2 large rocks (quivered)
Press: ? - help, Shift-Dir - straight line, f - goblin
Aim: a goblin, wielding a dagger You throw a large rock.
The large rock closely misses the goblin.
The goblin hits you but does no damage. The goblin hits you with a dagger.
* * * LOW HITPOINT WARNING * * *
Throwing (i - inventory. (/) - cycle)
c - a large rock (quivered)
Press: ? - help, Shift-Dir - straight line, f/p - goblin
Aim: a goblin, wielding a dagger You throw a large rock.
The large rock barely misses the goblin.
The goblin hits you with a dagger.
You die...

.. .. ..# ..
#.# .# ..# .#
# # #.# .##.#
#. #.# ....#
#.#(.##.##..#
#.(....(g@..#
##..##.###.#
#.# # #)### #
#...#.####
#.#.#...g...
#...<.#.##g
#.#.### ..
.....# #.


You could see a goblin.

Vanquished Creatures
  Robin (D:2)
  A dart slug (D:1)
  A ball python (D:1)
  3 bats (D:1)
  2 giant cockroaches
  11 goblins
  4 hobgoblins
  A kobold (D:1)
  2 frilled lizards (D:1)
  4 rats
30 creatures vanquished.

Notes
Turn   | Place    | Note
-------+----------+-------------------------------------------
     0 | D:1      | grindst0ne the Ogre Hunter began the quest for the Orb.
     0 | D:1      | Reached XP level 1. HP: 22/22 MP: 1/1
    80 | D:1      | Reached XP level 2. HP: 29/31 MP: 2/2
   848 | D:2      | Reached XP level 3. HP: 38/39 MP: 3/3
   900 | D:2      | Noticed Robin
   916 | D:2      | Killed Robin
   931 | D:2      | Slain by a goblin

Vault maps used:
D:1:      enne_arrival_octagon_isle
D:2:      uniq_robin

Skill      XL: |  1  2  3 |
---------------+----------+-----
Fighting       | 3 4 |  4.1
Throwing       | |  4.6
Dodging        | |  1.7
Stealth        | |  0.6

Action                   || total
-------------------------++-------
Melee: Short sword       ||    36
       Club              ||    69
Throw: Large rock        ||     5
Armor: Robe              ||    34
Dodge: Dodged            ||    79

Table legend:
 A = Spawn XP
 B = Non-spawn XP
 C = Spawn XP percentage of total XP
 D = Spawn monster count
 E = Non-spawn monster count
 F = Spawn count percentage of total count
 G = Total turns spent on level
                    A         B        C        D         E        F      G
               +---------+---------+-------+---------+---------+-------+---------
         Total |       0 |      66 |   0.0 |       0 |      30 |   0.0 |   931
               +---------+---------+-------+---------+---------+-------+---------
           D:1 |       0 |      31 |   0.0 |       0 |      18 |   0.0 |   839
           D:2 |       0 |      35 |   0.0 |       0 |      12 |   0.0 |    92
               +---------+---------+-------+---------+---------+-------+---------
